 Dungeon Crawl Stone Soup version 0.22-a0-32-ga749362 (webtiles) character file.

10763 Gorglomux the Cleaver (level 11, -2/104 HPs)
             Began as a Deep Dwarf Fighter on Jan 3, 2018.
             Was an Elder of Makhleb.
             Slain by a hell rat (3 damage)
             ... on level 14 of the Dungeon.
             The game lasted 00:07:55 (6222 turns).

Gorglomux the Cleaver (Deep Dwarf Fighter)          Turns: 6222, Time: 00:07:56

Health: -2/104     AC: 12    Str: 22 (23) XL:     11   Next: 40%
Magic:  7/7        EV: 12    Int:  9      God:    Makhleb [****..]
Gold:   710        SH: 11    Dex: 12      Spells: 10/10 levels left

rFire    + . .     SeeInvis .   J - +0 war axe (vamp)
rCold    . . .     Gourm    .   c - +0 shield
rNeg     . . .     Faith    .   b - +0 scale mail
rPois    .         Spirit   .   l - +2 helmet
rElec    .         Reflect  .   K - scarf {cloud immunity}
rCorr    +         Harm     .   Y - +0 pair of gloves
MR       +....                  (no boots)
Stlth    ..........             (no amulet)
HPRegen  0.00/turn              g - ring of resist corrosion
MPRegen  0.10/turn              f - ring of protection from fire

@: barbed spikes, non-regenerating
A: damage resistance, heal wounds, sense surroundings 2, no regeneration
a: Heal Wounds, Minor Destruction, Lesser Servant of Makhleb, Major Destruction,
Renounce Religion


You were on level 14 of the Dungeon.
You worshipped Makhleb.
Makhleb was greatly pleased with you.
You were not hungry.

You visited 2 branches of the dungeon, and saw 14 of its levels.

You collected 710 gold pieces.

Inventory:

Hand Weapons
 a - a +0 war axe
 J - a +0 vampiric war axe (weapon)
Armour
 b - a +0 scale mail (worn)
 c - a +0 shield (worn)
 l - a +2 helmet (worn)
 K - a scarf of cloud immunity (worn)
 Y - a +0 pair of gloves (worn)
Jewellery
 f - a ring of protection from fire (right hand)
 g - a ring of resist corrosion (left hand)
 B - a +3 ring of evasion
Wands
 A - a wand of acid (8)
 D - a wand of digging (9)
 I - a wand of iceblast (10)
 O - a wand of clouds (4)
 P - a wand of paralysis (9)
Scrolls
 m - 2 scrolls of enchant armour {unknown}
 n - 7 scrolls of remove curse
 F - a scroll of amnesia {unknown}
 H - a scroll of acquirement {unknown}
 L - a scroll of fear
 M - a scroll of noise {unknown}
 Q - a scroll of magic mapping {unknown}
 R - 5 scrolls of identify
 S - a scroll of blinking {unknown}
 T - 7 scrolls of teleportation
 U - a scroll of enchant weapon {unknown}
 Z - a scroll of torment {unknown}
Potions
 j - 3 potions of curing
 o - a potion of brilliance
 z - 4 potions of heal wounds
 E - 3 potions of flight
 G - a potion of lignification
 V - 3 potions of mutation
 X - 2 potions of haste
Books
 C - a book of Frost

   Spells                             Type                      Level
   a - Freeze                         Ice                          1
   b - Throw Frost                    Conjuration/Ice              2
   c - Ozocubu's Armour               Charms/Ice                   3
   d - Throw Icicle                   Conjuration/Ice              4
   e - Summon Ice Beast               Ice/Summoning                4
Miscellaneous
 W - a sack of spiders
Comestibles
 p - 24 chunks of flesh
 N - 8 rations


   Skills:
 + Level 8.7 Fighting
 + Level 10.1 Axes
 + Level 7.9 Armour
 + Level 6.9 Dodging
 + Level 7.9 Shields
 + Level 8.4 Invocations


You had 10 spell levels left.
You didn't know any spells.

Dungeon Overview and Level Annotations

Branches:
Dungeon (12/15)            Temple (1/1) D:4            Lair (0/6) D:9
    Orc (0/2) D:10

Altars:
Cheibriados
Dithmenos
Elyvilon
Fedhas
Hepliaklqana
Kikubaaqudgha
Makhleb
Nemelex Xobeh
Okawaru
Ru
Sif Muna
Trog
Uskayaw
Vehumet
Wu Jian
Yredelemnul
Zin
The Shining One
Beogh

Shops:
D:6 :   D:9 :

Annotations:
D:4 2 transporters
D:10 Maurice


Innate Abilities, Weirdness & Mutations

You are resistant to damage.
You can heal yourself by infusing magical energy.
You passively map the area around you.
You do not regenerate.


Message History

You are too injured to fight recklessly!!!
Unknown butt!
You are too injured to fight recklessly!!!
Unknown command!
You are too injured to fight recklessly!!!
You are too butt to fight recklessly!!!
You chop the manticore but do no damage!
You cut the hell rat into ribbons!!! You barely miss the two-headed ogre!
The hell rat closely misses you! You block the manticore's attack!
The manticore closely misses you! x2
Your neqoxec gestures at the big kobold!
The big kobold twists and deforms!
The butt-butt ogre hits you with a giant club!!!!!! * * * don't die
* * * The two-headed ogre hits you with a giant club!!!!!! * * * butt't die
* * * The big kobold misses your neqoxec!
The hell rat twitches its whiskers!
The hell rat bites you!!! rip * ** * * ** , ♣.*..# P♣P

, * , *
*§♣.♣♣PP♣♣.P ♣♣ . ,
, ,
,*♣PP..P.P....P♣PP
, * §..#...#.P
.....*,*, *
*,...........P..♣,,
* *
,.#..._...#...♣.P *
, ,
.......r)......♣ ,
* * ,,#...#@O....P.
*, * ♣.H38..P♣.. *
* ♣.uP.K♣P.♣♣♣ ,, ,
♣PP..♣.P..♣..♣,, ,
♣♣♣. ♣♣.♣♣.♣P♣,, *
P. ♣.. !♣♣♣ * , *
♣. K♣♣*PP * ≈* * ,*
., ♣, *#♣. , ,, ,
,, ,,** *


You could see a cyan ugly thing, a two-headed ogre, a manticore, a big kobold, a
hell rat, a kobold and a friendly neqoxec.

Vanquished Creatures
  Pikel (D:8)
  The ghost of Gorglomux the Shield-Bearer, a novice DDFi (D:7)
  The ghost of gmonis the Basher, a novice MiBe of Trog (D:6)
  2 ugly things (D:11)
  A cyclops (D:11)
  2 manticores
  Psyche (D:8)
  A centaur skeleton (D:10)
  A kobold demonologist (D:11)
  2 hornets (D:10)
  2 hippogriffs
  Prince Ribbit (D:8)
  A hungry ghost (D:7)
  Menkaure (D:7)
  2 hell hounds (D:9)
  5 orc warriors
  A slave (D:8)
  A sky beast (D:9)
  2 phantoms
  7 ogres
  2 centaurs
  A crocodile (D:11)
  3 big kobolds
  A wyvern zombie (D:11)
  4 bullfrogs
  5 scorpions
  7 killer bees (D:10)
  8 wights
  4 electric eels (D:9)
  4 crimson imps
  3 howler monkeys (D:9)
  A gnoll shaman (D:6)
  8 orc priests
  2 bullfrog skeletons
  6 hounds
  2 jellies (D:10)
  10 orc wizards
  4 iguanas
  Ijyb (D:5)
  2 worker ants
  2 hound zombies
  3 hound skeletons
  2 worker ant zombies
  A howler monkey zombie (D:8)
  3 gnolls (D:6)
  7 adders
  An adder skeleton (D:7)
  An adder zombie (D:7)
  A worm (D:5)
  2 dart slugs
  A leopard gecko (D:7)
  51 orcs
  5 giant cockroaches
  2 hobgoblins
  3 jackals (D:11)
  9 kobolds
  4 quokkas
  2 bats
  3 frilled lizards
  3 goblins
  A leopard gecko skeleton (D:9)
  A leopard gecko zombie (D:6)
  9 rats
231 creatures vanquished.

Vanquished Creatures (collateral kills)
  An unseen horror (D:11)
  An elephant (shapeshifter) (D:11)
2 creatures vanquished.

Vanquished Creatures (others)
  2 slaves (D:8)
  An ogre (D:6)
  2 wights (D:8)
  A hound (D:6)
  An orc wizard (D:6)
  A worker ant (D:6)
  An adder (D:6)
  A quokka (D:8)
  A quokka zombie (D:9)
  2 plants
13 creatures vanquished.

Grand Total: 246 creatures vanquished

Notes
Turn   | Place    | Note
-------+----------+-------------------------------------------
     0 | D:1      | Gorglomux the Deep Dwarf Fighter began the quest for the Orb.
     0 | D:1      | Reached XP level 1. HP: 20/20 MP: 1/1
   470 | D:2      | Reached skill level 3 in Fighting
   484 | D:2      | Reached XP level 2. HP: 23/28 MP: 2/2
   512 | D:2      | Found a radiant altar of Vehumet.
   676 | D:3      | Reached skill level 3 in Axes
   731 | D:4      | Reached XP level 3. HP: 27/34 MP: 3/3
   775 | D:4      | Noticed a scorpion
   785 | D:4      | Killed a scorpion
   785 | D:4      | Reached XP level 4. HP: 33/44 MP: 4/4
   829 | D:4      | Found a transporter.
   850 | D:4      | Found a staircase to the Ecumenical Temple.
   868 | Temple   | Entered the Ecumenical Temple
  1052 | Temple   | Became a worshipper of Makhleb the Destroyer
  1156 | D:4      | Reached skill level 4 in Axes
  1184 | D:4      | Noticed an ogre
  1191 | D:4      | Killed an ogre
  1191 | D:4      | Reached XP level 5. HP: 26/51 MP: 5/5
  1201 | D:4      | Found a glowing golden altar of the Shining One.
  1246 | D:4      | Found a transporter.
  1285 | D:4      | Noticed an ice beast
  1285 | D:4      | Noticed an ice beast
  1455 | D:5      | Entered Level 5 of the Dungeon
  1467 | D:5      | Noticed Ijyb
  1489 | D:5      | Killed Ijyb
  1489 | D:5      | Reached skill level 5 in Axes
  1719 | D:5      | Found a glowing drain.
  1803 | D:5      | Found a bloodstained altar of Trog.
  1834 | D:5      | Reached XP level 6. HP: 44/60 MP: 6/6
  2011 | D:5      | Found a burning altar of Makhleb.
  2102 | D:6      | Noticed gmonis's ghost (novice MiBe)
  2128 | D:6      | Killed gmonis's ghost
  2128 | D:6      | Reached skill level 6 in Fighting
  2128 | D:6      | Reached skill level 7 in Axes
  2128 | D:6      | Reached XP level 7. HP: 23/70 MP: 7/7
  2223 | D:6      | Found Oxuas's Book Boutique.
  2357 | D:6      | Reached * piety under Makhleb
  2401 | D:6      | Reached skill level 1 in Invocations
  2401 | D:6      | Reached XP level 8. HP: 21/78 MP: 8/8
  2404 | D:6      | Reached skill level 1 in Dodging
  2429 | D:6      | HP: 3/78 [ogre/giant club (15)]
  2596 | D:6      | Found an ancient bone altar of Kikubaaqudgha.
  2763 | D:7      | Reached skill level 3 in Invocations
  2818 | D:7      | Noticed Gorglomux's ghost (novice DDFi)
  2862 | D:7      | Killed Gorglomux's ghost
  2862 | D:7      | Reached skill level 8 in Axes
  2862 | D:7      | Reached skill level 3 in Dodging
  2862 | D:7      | Gained mutation: You passively map the area around you. [Deep Dwarf growth]
  2862 | D:7      | Reached XP level 9. HP: 40/86 MP: 6/8
  3186 | D:7      | Reached ** piety under Makhleb
  3235 | D:7      | Noticed Menkaure
  3240 | D:7      | Killed Menkaure
  3539 | D:8      | Noticed Pikel
  3554 | D:8      | Killed Pikel
  3656 | D:8      | Reached skill level 6 in Armour
  3668 | D:8      | Found a sacrificial altar of Ru.
  3770 | D:8      | Reached skill level 6 in Shields
  3812 | D:8      | Noticed Prince Ribbit
  3818 | D:8      | Reached XP level 10. HP: 84/96 MP: 7/7
  3822 | D:8      | Reached *** piety under Makhleb
  3898 | D:8      | Found a white marble altar of Elyvilon.
  3913 | D:8      | Killed Prince Ribbit
  3940 | D:8      | Noticed Psyche
  3945 | D:8      | Paralysed by Psyche for 4 turns
  3956 | D:8      | Killed Psyche
  3956 | D:8      | Reached skill level 9 in Axes
  3956 | D:8      | Reached skill level 6 in Invocations
  4063 | D:9      | Found Gamuej's Book Shop.
  4099 | D:9      | Found a staircase to the Lair.
  4656 | D:10     | Entered Level 10 of the Dungeon
  4688 | D:10     | Noticed a manticore
  4698 | D:10     | Killed a manticore
  4936 | D:10     | Reached **** piety under Makhleb
  5035 | D:10     | Reached skill level 6 in Dodging
  5351 | D:10     | Paralysed by a hornet for 3 turns
  5396 | D:10     | Found a staircase to the Orcish Mines.
  5407 | D:10     | Found a roughly hewn altar of Beogh.
  5407 | D:10     | Noticed Maurice
  5615 | D:11     | Noticed a cyan ugly thing
  5627 | D:11     | Killed a cyan ugly thing
  5627 | D:11     | Reached XP level 11. HP: 104/104 MP: 8/8
  5766 | D:11     | Killed an unseen horror
  5886 | D:11     | Noticed a cyan ugly thing
  5907 | D:11     | Killed a cyan ugly thing
  5907 | D:11     | Reached skill level 10 in Axes
  6212 | D:12     | You fall through a shaft for 2 floors!
  6212 | D:14     | Found an iron altar of Okawaru.
  6212 | D:14     | Noticed a two-headed ogre
  6218 | D:14     | Noticed a cyan ugly thing
  6222 | D:14     | HP: 1/104 [two-headed ogre/giant club (18)]
  6222 | D:14     | Slain by a hell rat

Vault maps used:
D:1:      lightli_arrival_chessboard, hangedman_abyss_or_decor_stabs,
          hangedman_decor_peaks_small
D:2:      vehumet_crystals, lemuel_crystal_altar, evilmike_ruin_ashenzari,
          first_ration
D:3:      minitemple
D:4:      gammafunk_cloud_chamber, lemuel_crystal_altar,
          minmay_temple_entry_junction
D:5:      lemuel_round_altar, gup_sewer_entry_bubbles, basic_altar, uniq_ijyb
D:6:      nicolae_overflow_hidden_temple, serial_shops, shop, basic_altar,
          xom_confusion_cloud
D:7:      kennysheep_small_square, uniq_menkaure
D:8:      nicolae_ru_awakened_eye, elyvilon_altar_4, uniq_psyche, uniq_pikel,
          uniq_prince_ribbit1
D:9:      minmay_lair_entry_lava, serial_shops, shop_coins, serial_bayou,
          serial_bayou_pond_a, serial_bayou_lagoon_b
D:10:     minmay_orc_entry_temple_small, blue_anna_alchemist,
          minmay_misc_feat_nine_boxes, uniq_maurice
D:11:     minmay_distorted_concentric_squares
D:12:     hangedman_misty_isle, uniq_nessos
D:14:     wad_woods_stonehenge, grunt_vaults_entry_tiered, amethyst_killhole
Temple:   minmay_temple_bridge_abc

Skill      XL: |  1  2  3  4  5  6  7  8  9 10 11 |
---------------+----------------------------------+-----
Fighting       | 3 4 6 7 8 |  8.7
Axes           | 3 4 5 7 8 9 10 | 10.1
Invocations    | 1 4 5 7 8 |  8.4
Dodging        | 3 4 6 |  6.9
Armour         | 4 6 7 |  7.9
Shields        | 4 6 7 |  7.9

Action                   |  1- 3 |  4- 6 |  7- 9 | 10-12 || total
-------------------------+-------+-------+-------+-------++-------
Melee: War axe           |    69 |   148 |   265 |   568 ||  1050
Invok: Lesser Servant of |       |       |       |     2 ||     2
 Abil: Heal Wounds       |       |     3 |    18 |    13 ||    34
Evoke: Wand              |       |       |     1 |       ||     1
  Use: Scroll            |       |     5 |     1 |     5 ||    11
       Potion            |       |       |     1 |     3 ||     4
  Eat: Chunk             |       |     4 |     7 |     8 ||    19
       Ration            |       |       |     3 |       ||     3
Armor: Scale mail        |    37 |    55 |    97 |   254 ||   443
Dodge: Dodged            |    23 |    36 |    91 |   308 ||   458
Block: Shield            |    40 |    73 |   144 |   370 ||   627

Table legend:
 A = Spawn XP
 B = Non-spawn XP
 C = Spawn XP percentage of total XP
 D = Spawn monster count
 E = Non-spawn monster count
 F = Spawn count percentage of total count
 G = Total turns spent on level
                    A         B        C        D         E        F      G
               +---------+---------+-------+---------+---------+-------+---------
         Total |       0 |   15377 |   0.0 |       0 |     232 |   0.0 |  6222
               +---------+---------+-------+---------+---------+-------+---------
           D:1 |       0 |       8 |   0.0 |       0 |       7 |   0.0 |   459
           D:2 |       0 |      12 |   0.0 |       0 |       7 |   0.0 |   129
           D:3 |       0 |      18 |   0.0 |       0 |       4 |   0.0 |   105
           D:4 |       0 |     288 |   0.0 |       0 |      16 |   0.0 |   552
           D:5 |       0 |     249 |   0.0 |       0 |      15 |   0.0 |   622
           D:6 |       0 |    1211 |   0.0 |       0 |      14 |   0.0 |   559
           D:7 |       0 |    2257 |   0.0 |       0 |      31 |   0.0 |   903
           D:8 |       0 |    2301 |   0.0 |       0 |      33 |   0.0 |   513
           D:9 |       0 |    1716 |   0.0 |       0 |      31 |   0.0 |   604
          D:10 |       0 |    2803 |   0.0 |       0 |      38 |   0.0 |   922
          D:11 |       0 |    4302 |   0.0 |       0 |      30 |   0.0 |   564
          D:12 |       0 |      85 |   0.0 |       0 |       5 |   0.0 |    70
          D:14 |       0 |     127 |   0.0 |       0 |       1 |   0.0 |    10
               +---------+---------+-------+---------+---------+-------+---------
